 Dungeon Crawl Stone Soup version 0.26-a0-652-gafc20e3620 (webtiles) character file.

Game seed: 12839797274782383430

105 smeego the Skirmisher (level 4, -1/31 HPs)
             Began as an Octopode Fighter on Oct 3, 2020.
             Slain by a quokka (5 damage)
             ... on level 2 of the Dungeon.
             The game lasted 00:01:46 (2149 turns).

smeego the Skirmisher (Octopode Fighter)            Turns: 2149, Time: 00:01:46

Health: -1/31      AC:  1    Str: 15    XL:     4   Next: 83%
Magic:  4/4        EV: 11    Int: 11    God:
Gold:   50         SH:  8    Dex: 11    Spells: 3/3 levels left

rFire    . . .     SeeInvis .   a - +0 long sword
rCold    . . .     Faith    .   b - +0 kite shield
rNeg     . . .     Spirit   .   (helmet restricted)
rPois    .         Reflect  .   (no amulet)
rElec    .         Harm     .   (no ring)
rCorr    .         Rampage  .   (no ring)
MR       .....                  (no ring)
Stlth    +++.......             (no ring)
HPRegen  0.10/turn              (no ring)
MPRegen  0.09/turn              (no ring)
                                (no ring)
                                (no ring)

@: mighty
A: almost no armour, stealthy swim, amphibious, 8 rings, constrict 8, camouflage
1, gelatinous body 1
a: no special abilities


You were on level 2 of the Dungeon.
You visited 1 branch of the dungeon, and saw 2 of its levels.

You collected 50 gold pieces.

Inventory:

Hand Weapons
 a - a +0 long sword (weapon)
Missiles
 h - 8 poisoned darts (quivered)
Armour
 b - a +0 kite shield (worn)
Jewellery
 i - an uncursed amulet of regeneration {unknown}
Wands
 l - a wand of enslavement (12)
Scrolls
 d - a scroll of enchant weapon {unknown}
 e - 2 scrolls of identify {unknown}
 f - a scroll of amnesia {unknown}
 g - 2 scrolls of teleportation {unknown}
 k - a scroll of immolation {unknown}


   Skills:
 + Level 3.3 Fighting
 * Level 3.1 Long Blades
 + Level 1.3 Throwing
 + Level 3.2 Dodging
 + Level 1.6 Stealth
 + Level 3.3 Shields
 + Level 1.0 Unarmed Combat


You had 3 spell levels left.
You didn't know any spells.
Your spell library was empty.

Dungeon Overview and Level Annotations

Branches:
Dungeon (2/15)

Altars:
Jiyva

Annotations:
D:2 Natasha, Sigmund


Innate Abilities, Weirdness & Mutations

You cannot wear most types of armour.
You are very stealthy in the water. (Stealth+)
You are amphibious.
You can wear up to eight rings at the same time.
You can use your tentacles to constrict eight enemies at once.
Your skin changes colour to match your surroundings (Stealth+).
Your rubbery body absorbs attacks. (AC +1, EV +1)


Message History

Sigmund barely misses you. The quokka completely misses you.
Natasha casts a spell.
You block the goblin's attack. The hobgoblin closely misses you.
Unknown command.
Unknown command.
You hit Sigmund.
Sigmund is lightly wounded.
You constrict Sigmund. The quokka closely misses you.
Natasha mumbles some strange words.
The goblin misses you. Sigmund hits you with a +0 scythe.
* * * LOW HITPOINT WARNING * * *
The hobgoblin barely misses you. The quokka bites you.
* * * LOW HITPOINT WARNING * * *
The goblin misses you.
You riposte.
You slash the goblin!
You kill the goblin!
Unknown command.
You slash Sigmund!
Sigmund is severely wounded.
You constrict Sigmund. The quokka bites you.
You die...

................⌠..#.
####......#...........#)
..!.......##.♣......[.#'
.......... ♣.P.###.P....
.........##♣♣..# #......
..........# P♣.#+#P....#
........#.#♣P.........#.
......rg#..#♣........#..
......@@.#.#.....[.....P
.........#...P♣.#+#.....
.##..........♣..# #..÷÷♣
............♣.♣.###...♣.
....h.....#..♣P........♣
..........#.♣♣♣♣.....♣♣.
....55....#.♣.P.....♣.♣♣
..........#...♣♣♣....♣P♣
..........♣♣♣.....P♣.


You could see Sigmund, an iron imp (summoned), Natasha, a crimson imp
(summoned), a quokka and a hobgoblin.

Vanquished Creatures
  A gnoll (D:2)
  3 adders (D:2)
  An ooze (D:1)
  A dart slug (D:2)
  A leopard gecko (D:1)
  9 bats
  4 giant cockroaches
  7 goblins
  8 hobgoblins
  6 jackals
  4 quokkas (D:2)
  A frilled lizard (D:2)
  5 kobolds
  2 rats (D:2)
53 creatures vanquished.

Vanquished Creatures (others)
  3 plants (D:2)
3 creatures vanquished.

Grand Total: 56 creatures vanquished

Notes
Turn   | Place    | Note
-------+----------+-------------------------------------------
     0 | D:1      | smeego the Octopode Fighter began the quest for the Orb.
     0 | D:1      | Reached XP level 1. HP: 16/16 MP: 1/1
   114 | D:1      | Reached XP level 2. HP: 11/21 MP: 2/2
   336 | D:1      | Found a viscous altar of Jiyva.
   477 | D:1      | Reached skill level 1 in Stealth
   599 | D:1      | Reached XP level 3. HP: 22/26 MP: 3/3
  1368 | D:2      | Reached skill level 1 in Throwing
  1506 | D:2      | Reached XP level 4. HP: 27/31 MP: 4/4
  1659 | D:2      | Reached skill level 1 in Unarmed Combat
  2140 | D:2      | Noticed Sigmund
  2145 | D:2      | Noticed Natasha
  2149 | D:2      | Slain by a quokka

Illustrated notes

Levels and vault maps discovered:
D:1:      erik_arrival_cave_to_civilisation [erik_arrival_cave_to_temple],
          layout_basic
D:2:      wad_woods_settlement, layout_basic, uniq_sigmund, uniq_natasha

Skill      XL: |  1  2  3  4 |
---------------+-------------+-----
Stealth        | 1 |  1.6
Throwing       | 1 |  1.3
Long Blades    | 3 |  3.1
Unarmed Combat | 1 |  1.0
Fighting       | |  3.3
Dodging        | |  3.2
Shields        | |  3.3

Action                   |  1- 3 |  4- 6 || total
-------------------------+-------+-------++-------
Melee: Long sword        |    65 |    38 ||   103
       Constrict         |    20 |    10 ||    30
       Tentacles         |     7 |     4 ||    11
  Use: Potion            |       |     2 ||     2
 Stab: Sleeping          |    11 |     3 ||    14
Armor: Skin              |    15 |     3 ||    18
Dodge: Dodged            |    20 |    26 ||    46
Block: Kite shield       |    26 |    30 ||    56
       Rpst.: Long sword |     8 |     6 ||    14

Table legend: (Time is in decaauts)
 A = Elapsed time spent in this place.
 B = Non-inter-level travel time spent in this place.
 C = Inter-level travel time spent in this place.
 D = Time resting spent in this place.
 E = Time spent auto-exploring this place.
 F = Levels seen in this place.
 G = Mean time per level.
                   A        B        C        D        E       F      G
               +--------+--------+--------+--------+--------+-----+--------+
         Total |   2184 |   2114 |     70 |    241 |   1533 |   2 | 1092.0 |
       Dungeon |   2184 |   2114 |     70 |    241 |   1533 |   2 | 1092.0 |
               +--------+--------+--------+--------+--------+-----+--------+

Top non-repeatable levels by time:
     D:1: 1311 daAuts
     D:2: 872 daAuts
